 Dungeon Crawl Stone Soup version 0.25.0-1-g7eea58d (webtiles) character file.

Game seed: 14986107805255455503

121 GeorgeSoros the Skirmisher (level 4, 0/57 HPs)
             Began as a Demigod Wanderer on June 24, 2020.
             Slain by Sigmund
             ... wielding a +0 scythe
              (2 damage)
             ... on level 3 of the Dungeon.
             The game lasted 00:07:58 (3153 turns).

GeorgeSoros the Skirmisher (Demigod Wanderer)       Turns: 3153, Time: 00:07:58

Health: 0/57       AC: 22    Str: 18    XL:     4   Next: 49%
Magic:  6/6        EV:  2    Int: 16    God:
Gold:   103        SH:  0    Dex: 14    Spells: 3/3 levels left

rFire    . . .     SeeInvis .   (no weapon)
rCold    . . .     Gourm    .   (no shield)
rNeg     + + +     Faith    .   (armour currently unavailable)
rPois    +         Spirit   .   (helmet currently unavailable)
rElec    .         Reflect  .   (cloak currently unavailable)
rCorr    .         Harm     .   (gloves currently unavailable)
MR       .....     NoTele   +   (boots currently unavailable)
Stlth    ++........             (no amulet)
HPRegen  0.19/turn              (no ring)
MPRegen  0.10/turn              (no ring)

@: tree-form
A: high mp 1
a: no special abilities


You were on level 3 of the Dungeon.
You were hungry.
You were a tree.
You visited 1 branch of the dungeon, and saw 3 of its levels.

You collected 103 gold pieces.

Inventory:

Hand Weapons
 a - a +1 hand axe
Missiles
 e - 65 stones (quivered)
Armour
 b - a +3 scale mail (melded)
 k - a +0 helmet
Scrolls
 c - 2 scrolls of teleportation
 m - a scroll of blinking
Potions
 f - a potion of haste
 l - 2 potions of stabbing
 n - a potion of flight {unknown}
Comestibles
 d - 3 rations


   Skills:
 + Level 3.5 Fighting
   Level 1.0 Short Blades
 + Level 2.8 Axes
 - Level 2.3 Throwing
 + Level 2.3 Armour
 - Level 1.0 Stealth


You had 3 spell levels left.
You didn't know any spells.
Your spell library was empty.

Dungeon Overview and Level Annotations

Branches:
Dungeon (3/15)

Annotations:
D:3 2 runed translucent doors, Sigmund


Innate Abilities, Weirdness & Mutations

You have an increased reservoir of magic. (+10% MP)
((You have a pair of small horns on your head.))
((You are resistant to electric shocks. (rElec)))


Message History

The puff of flame hits you.
You hit something. Something hits you.
You barely miss something. Something hits you!
* * * LOW HITPOINT WARNING * * *
You closely miss something. Something hits you!
* * * LOW HITPOINT WARNING * * *
It was a potion of magic.
Magic courses through your body.
It was a potion of mutation.
You feel extremely strange. A pair of horns grows on your head!
Your +0 helmet falls away!
You feel insulated. Something hits you but does no damage.
It was a potion of lignification.
You turn into a tree.
Your +3 scale mail melds into your body.
Your roots penetrate the ground.
Something hits you but does no damage.
You are now empty-handed.
You hit something. You completely miss something.
Something hits you but does no damage.
You closely miss something. Something hits you.
You die...

#.. #.. #.. ####..
.....
.####..##########
.........♣{......
.#####..###########
..(...............#
..####..###.#####.#
#..# #.# #.# #..#
#.#####.# #..#
#.##....#
#..###<##.####
#.........#


There were no monsters in sight!

Vanquished Creatures
  Robin (D:2)
  3 adders
  An ooze (D:1)
  A worm (D:2)
  A dart slug (D:2)
  2 leopard geckos (D:1)
  7 bats
  2 giant cockroaches (D:1)
  15 goblins
  5 hobgoblins
  8 jackals (D:2)
  8 kobolds
  2 ball pythons
  4 frilled lizards
  9 rats
69 creatures vanquished.

Notes
Turn   | Place    | Note
-------+----------+-------------------------------------------
     0 | D:1      | GeorgeSoros the Demigod Wanderer began the quest for the
                  | Orb.
     0 | D:1      | GeorgeSoros set off with the following items: a +0 hand
                  | axe, a +2 scale mail, a scroll of teleportation, a ration
     0 | D:1      | Reached XP level 1. HP: 18/18 MP: 3/3
   579 | D:1      | Reached XP level 2. HP: 18/25 MP: 4/4
   964 | D:1      | Reached skill level 3 in Fighting
  1778 | D:2      | Reached XP level 3. HP: 26/31 MP: 5/5
  1791 | D:2      | Noticed Robin
  1820 | D:2      | Killed Robin
  2529 | D:2      | Reached XP level 4. HP: 38/38 MP: 6/6
  2596 | D:2      | Found an opulent altar of Gozag.
  2601 | D:2      | Found a hazy altar of Hepliaklqana.
  2607 | D:2      | Found a basalt altar of Yredelemnul.
  2607 | D:2      | Found a radiant altar of Vehumet.
  2608 | D:2      | Found a shimmering altar of Xom.
  2608 | D:2      | Found a sparkling altar of Nemelex Xobeh.
  2610 | D:2      | Found a shimmering blue altar of Sif Muna.
  2611 | D:2      | Found a bloodstained altar of Trog.
  2612 | D:2      | Found an iron altar of Okawaru.
  3108 | D:3      | Found a runed translucent gate.
  3109 | D:3      | Found a runed translucent gate.
  3137 | D:3      | Noticed Sigmund
  3146 | D:3      | HP: 1/38 [something (10)]
  3148 | D:3      | Gained mutation: You have a pair of small horns on your
                  | head. [potion of mutation]
  3148 | D:3      | Gained mutation: You are resistant to electric shocks.
                  | (rElec) [potion of mutation]
  3153 | D:3      | Slain by Sigmund

Illustrated notes

Levels and vault maps discovered:
D:1:      dpeg_arrival_circle_labyrinth_a, layout_basic, serial_forest,
          infiniplex_forest_corner_1, infiniplex_forest_clump_long,
          infiniplex_forest_lined_room_2, infiniplex_forest_straight_4,
          infiniplex_forest_clump_diagonal, infiniplex_forest_lined_corner,
          infiniplex_forest_end_2, infiniplex_forest_straight_4,
          infiniplex_forest_clump_diagonal, infiniplex_forest_end_3,
          minmay_unequal
D:2:      layout_loops_ring, minitemple, nrook_mini_vaults, uniq_robin
D:3:      layout_loops_ring, zin_angel, gammafunk_ghost_necromancy,
          hangedman_decor_clover_reticule, kennysheep_okawaru_gauntlet,
          uniq_grinder, uniq_sigmund

Skill      XL: |  1  2  3 |
---------------+----------+-----
Axes           | 2 |  2.8
Throwing       | 2 |  2.3
Fighting       | 3 |  3.5
Armour         | 2 |  2.3
Short Blades   | |  1.0
Stealth        | |  1.0

Action                   |  1- 3 |  4- 6 || total
-------------------------+-------+-------++-------
Melee: Hand axe          |   230 |    63 ||   293
       Unarmed           |       |     3 ||     3
  Use: Scroll            |     7 |     2 ||     9
       Potion            |       |     3 ||     3
  Eat: Chunk             |     5 |     2 ||     7
Armor: Scale mail        |   125 |    36 ||   161
       Skin              |       |     2 ||     2
Dodge: Dodged            |   107 |    29 ||   136
